 Dungeon Crawl Stone Soup version 0.28-a0-726-g4a9143789a (webtiles) character file.

Game seed: 17916862064222152055

7261 bande the Cleaver (level 11, -9/68 HPs)
             Began as a Gargoyle Fighter on Oct 27, 2021.
             Mangled by a two-headed ogre (12 damage)
             ... on level 9 of the Dungeon.
             The game lasted 00:17:07 (9696 turns).

bande the Cleaver (Gargoyle Fighter)                Turns: 9696, Time: 00:17:08

Health: -9/68      AC: 29    Str: 25    XL:     11   Next: 12%
Magic:  11/11      EV:  8    Int:  9    God:
Gold:   357        SH:  8    Dex: 11    Spells: 10/10 levels left

rFire   + . .      SeeInvis .   a - +1 war axe
rCold   . . .      Faith    .   b - +3 warlock's mirror {reflect}
rNeg    + . .      Spirit   .   y - +0 plate armour
rPois   ∞          Reflect  +   A - +0 helmet
rElec   +          Harm     .   n - +1 cloak
rCorr   .          Rampage  .   (no gloves)
Will    .....                   k - +1 pair of boots
Stlth   ..........              (no amulet)
HPRegen 0.21/turn               r - ring of Disaster {rF+ Str+4}
MPRegen 0.12/turn               (no ring)

@: flying
A: sickness immunity, AC +8, negative energy resistance 1, electricity
resistance, torment resistance 1, petrification resistance, iridescent scales 1,
sturdy frame 1
a: no special abilities


You were on level 9 of the Dungeon.
You visited 1 branch of the dungeon, and saw 9 of its levels.
You also visited: Sewer.

You collected 357 gold pieces.

Inventory:

Hand Weapons
 a - a +1 war axe (weapon)
Armour
 b - the +3 warlock's mirror (worn) {reflect}
   (You acquired it on level 7 of the Dungeon)

   It can block and reflect piercing ranged attacks and magical attacks against
   the wielder's willpower.
 k - a +1 pair of boots (worn)
 n - a +1 cloak (worn)
 y - a +0 plate armour (worn)
 A - a +0 helmet (worn)
Jewellery
 q - a +4 ring of slaying
 r - the ring of Disaster (left hand) {rF+ Str+4}
   (You found it on level 6 of the Dungeon)

   [ring of protection from fire]

   Str:       It affects your strength (+4).
   rF:        It protects you from fire.
 s - a ring of ice
 C - a ring of ice
Wands
 c - a wand of polymorph (10)
 g - a wand of mindburst (9)
 l - a wand of iceblast (7)
Scrolls
 e - a scroll of enchant weapon
 m - a scroll of enchant armour
 o - 10 scrolls of identify
 p - 2 scrolls of magic mapping
 u - a scroll of amnesia
 x - a scroll of vulnerability {unknown}
 z - a scroll of teleportation
 B - a scroll of fear
Potions
 d - 2 potions of might
 f - a potion of magic
 h - a potion of curing {unknown}
 i - 2 potions of flight
 j - a potion of haste {unknown}
 t - 2 potions of brilliance {unknown}
 w - a potion of cancellation {unknown}
Miscellaneous
 v - a lightning rod (4/4)


   Skills:
 + Level 8.0 Fighting
 + Level 11.3 Axes
 + Level 8.0 Armour
 - Level 0.2 Dodging
 + Level 6.7 Shields
 * Level 3.6 Evocations


You had 10 spell levels left.
You didn't know any spells.
Your spell library contained the following spells:

 Spells                   Type           Power      Damage    Failure   Level
 Foxfire                  Conj/Fire      0%         2x1d4     96%         1
 Freeze                   Ice            0%         1d3       96%         1
 Shock                    Conj/Air       0%         1d3       96%         1
 Sting                    Tmut/Pois      0%         1d3       96%         1
 Corpse Rot               Necr/Air       0%         N/A       99%         2
 Poisonous Vapours        Pois/Air       0%         N/A       99%         2
 Swiftness                Air            0%         N/A       100%        3
 Airstrike                Air            0%         N/A       100%        4
 Dispel Undead            Necr           0%         3d6       100%        4
 Olgreb's Toxic Radiance  Pois           0%         N/A       100%        4
 Freezing Cloud           Conj/Ice/Air   0%         6-21      100%        5
 Death Channel            Necr           0%         N/A       100%        6
 Simulacrum               Ice/Necr       0%         N/A       100%        6
 Fire Storm               Conj/Fire      0%         5d1       100%        9
 Polar Vortex             Ice            0%         N/A       100%        9


Dungeon Overview and Level Annotations

Branches:
Dungeon (9/15)             Temple (0/1) D:5            Lair (0/6) D:8
  Sewer (visited)
    Orc: D:9-12

Altars:
Hepliaklqana

Shops:
D:2 [   D:3 *   D:7 ((*[[

Annotations:
D:6 1 runed translucent door
D:9 Joseph


Innate Abilities, Weirdness & Mutations

You are immune to sickness and miasma.
Your stone body is resilient. (AC +8)
You are immune to poison.
You resist negative energy. (rN+)
You are resistant to electric shocks. (rElec)
You are resistant to unholy torment.
You are immune to petrification.
You are partially covered in iridescent scales. (AC +2)
Your movements are slightly less encumbered by armour. (ER -2)


Message History

Joseph, a Mercenary comes into view.
He is wielding a +0 quarterstaff and carrying a wand of paralysis (5).
Joseph shouts!
Joseph zaps a wand.
You easily resist.
The two-headed ogre completely misses you.
You block the two-headed ogre's attack.
There is an open door here.
You hit the two-headed ogre.
The two-headed ogre is lightly wounded.
The two-headed ogre closely misses you. You block the two-headed ogre's attack.
You hit the two-headed ogre.
The two-headed ogre is lightly wounded.
Joseph zaps a wand.
You suddenly lose the ability to move!
The two-headed ogre hits you but does no damage.
The two-headed ogre hits you with a +0 giant club.
Joseph unwields a +0 quarterstaff.
Joseph wields a +0 hunting sling.
Joseph shoots a sling bullet.
The sling bullet hits you but does no damage.
The two-headed ogre hits you with a +0 giant club!
The two-headed ogre barely misses you.
Joseph shoots a sling bullet.
The sling bullet hits you but does no damage.
The two-headed ogre hits you with a +0 giant club.
The two-headed ogre hits you but does no damage.
Joseph shoots a sling bullet.
The sling bullet hits you!
The two-headed ogre hits you with a +0 giant club!
* * * LOW HITPOINT WARNING * * *
The two-headed ogre hits you but does no damage.
Joseph shoots a sling bullet.
The sling bullet hits you.
* * * LOW HITPOINT WARNING * * *
The two-headed ogre hits you but does no damage. x2
Joseph shoots a sling bullet.
The sling bullet hits you!
* * * LOW HITPOINT WARNING * * *
You can move again.
It was a potion of flight.
You feel very buoyant.
You fly up into the air.
The two-headed ogre hits you with a +0 giant club.
* * * LOW HITPOINT WARNING * * *
The two-headed ogre hits you with a +0 giant club!
You die...

#.......##
#.##....#
#####.....#.# #
#....####.#.#####
#....'..#.#))....
#....#..#..).###.
#####+##..##+#.....
#............##+###
##@#...#######
#.O.#...# #...#...#
....@##### .#.....
.. ...... . ....#..
.........


You could see Joseph and a two-headed ogre.

Vanquished Creatures
  2 two-headed ogres
  The ghost of KoroneIsBestGirl the Fighter, a novice OgBe of Trog (D:5)
  Pikel (D:5)
  A cyclops (D:7)
  Sigmund (D:4)
  4 yaks (D:8)
  3 vampire mosquitoes (D:7)
  An acid dragon (D:8)
  8 water moccasins
  A necrophage (D:5)
  4 orc warriors
  An ogre (D:7)
  A phantom (D:4)
  9 bullfrogs
  3 scorpions
  3 killer bees (D:8)
  8 howler monkeys
  4 electric eels (D:6)
  A centaur zombie (D:6)
  A bullfrog zombie (D:7)
  A gnoll shaman (D:8)
  2 orc priests (D:9)
  A bullfrog skeleton (D:5)
  2 hounds (D:5)
  A centaur skeleton (D:4)
  Ijyb (D:4)
  3 iguanas
  2 scorpion zombies (D:4)
  2 hound zombies (D:4)
  A hound skeleton (D:5)
  5 gnolls (D:8)
  A howler monkey skeleton (D:7)
  8 adders
  A river rat (D:6)
  A white imp (D:8)
  An ufetubus (D:4)
  2 adder skeletons (D:4)
  2 adder zombies (D:4)
  4 worms
  12 dart slugs
  10 orcs
  11 ball pythons
  5 bats
  5 endoplasms (D:4)
  5 giant cockroaches
  5 goblins
  7 hobgoblins
  4 jackals
  2 quokkas
  3 frilled lizards (D:3)
  10 kobolds
  A quokka skeleton (D:4)
  A quokka zombie (D:4)
  7 rats
187 creatures vanquished.

Vanquished Creatures (others)
  13 fungi (D:8)
  5 plants (D:8)
  7 withered plants (D:4)
25 creatures vanquished.

Grand Total: 212 creatures vanquished

Notes
Turn   | Place    | Note
-------+----------+-------------------------------------------
     0 | D:1      | bande the Gargoyle Fighter began the quest for the Orb.
     0 | D:1      | Reached XP level 1. HP: 14/14 MP: 1/1
   402 | D:1      | Gained mutation: Your movements are slightly less
                  | encumbered by armour. (ER -2) [potion of mutation]
   402 | D:1      | Gained mutation: You are partially covered in iridescent
                  | scales. (AC +2) [potion of mutation]
   599 | D:2      | Reached XP level 2. HP: 19/19 MP: 2/2
   602 | D:2      | Reached skill level 2 in Axes
   710 | D:2      | Reached XP level 3. HP: 20/23 MP: 3/3
  1108 | D:2      | Found Piono's Armour Shop.
  1418 | D:3      | Reached XP level 4. HP: 27/29 MP: 4/4
  1618 | D:3      | Found a faded altar of an unknown god.
  1651 | D:3      | Reached skill level 3 in Axes
  1750 | D:3      | Found Saelupp's Assorted Antiques.
  2141 | D:4      | Reached XP level 5. HP: 19/33 MP: 5/5
  2430 | D:4      | Noticed Ijyb
  2440 | D:4      | Killed Ijyb
  2449 | D:4      | Reached skill level 4 in Axes
  2449 | D:4      | Reached XP level 6. HP: 33/38 MP: 6/6
  2823 | D:4      | Noticed Sigmund
  2844 | D:4      | Killed Sigmund
  2845 | D:4      | Reached skill level 5 in Axes
  2845 | D:4      | Reached XP level 7. HP: 28/44 MP: 7/7
  3717 | D:5      | Entered Level 5 of the Dungeon
  3787 | D:5      | Reached skill level 6 in Axes
  3800 | D:5      | Noticed Pikel
  3823 | D:5      | Killed Pikel
  3824 | D:5      | Reached skill level 5 in Fighting
  3824 | D:5      | Reached skill level 7 in Axes
  3824 | D:5      | Reached skill level 5 in Armour
  3824 | D:5      | Reached XP level 8. HP: 37/49 MP: 8/8
  4566 | D:5      | Found a staircase to the Ecumenical Temple.
  4793 | D:6      | Identified the ring of Disaster {rF+ Str+4}
  4819 | D:6      | Found a glowing drain.
  4840 | Sewer    | Entered a sewer
  5372 | Sewer    | Reached skill level 8 in Axes
  5524 | D:6      | Reached XP level 9. HP: 41/54 MP: 9/9
  5624 | D:6      | Found a runed translucent door.
  5624 | D:6      | Noticed KoroneIsBestGirl's ghost (novice OgBe)
  5834 | D:6      | Found a runed translucent door.
  5859 | D:6      | Found a hazy altar of Hepliaklqana.
  5875 | D:6      | Reached skill level 5 in Shields
  6131 | D:6      | Got Sif Muna's Disquisition on the Glacial Arsonist
  6533 | D:5      | Killed KoroneIsBestGirl's ghost
  6534 | D:5      | Reached skill level 9 in Axes
  6818 | D:7      | Identified a scroll of acquirement
  6818 | D:7      | Acquired the +3 warlock's mirror {reflect}
  6818 | D:7      | Found the +3 warlock's mirror {reflect}
  6840 | D:7      | Noticed a cyclops
  6848 | D:7      | Found Geos's Antique Armour Shoppe.
  6862 | D:7      | Killed a cyclops
  7223 | D:7      | Found Amoyt's Armour Shoppe.
  7228 | D:7      | Found Futalef's General Store.
  7377 | D:7      | Found Wonwyehe's Weapon Shop.
  7392 | D:7      | Reached XP level 10. HP: 61/61 MP: 10/10
  7507 | D:7      | Reached skill level 1 in Evocations
  7659 | D:7      | Found Qiligg's Weapon Emporium.
  7794 | D:7      | Reached skill level 10 in Axes
  8297 | D:8      | Found a staircase to the Lair.
  8351 | D:8      | Noticed a two-headed ogre
  8361 | D:8      | Killed a two-headed ogre
  8788 | D:8      | Reached skill level 11 in Axes
  9431 | D:9      | Reached XP level 11. HP: 63/68 MP: 11/11
  9534 | D:9      | Noticed a two-headed ogre
  9541 | D:9      | Killed a two-headed ogre
  9686 | D:9      | Noticed a two-headed ogre
  9687 | D:9      | Noticed Joseph
  9689 | D:9      | Paralysed by Joseph for 7 turns
  9695 | D:9      | HP: 3/68 [Joseph/sling bullet (8)]
  9696 | D:9      | Mangled by a two-headed ogre

Illustrated notes

Levels and vault maps discovered:
D:1:      nagdon_arrival_zigzag_paths, layout_basic
D:2:      layout_basic, serial_shops, nicolae_shop_trees
D:3:      layout_rooms, dilly_ecumenical_altar_fadedgnrine, serial_shops,
          shop_statue, supply_closet_lemuel
D:4:      layout_loops_corners, serial_undead, serial_undead_e, serial_undead_e,
          serial_undead_d, serial_undead_b, serial_undead_c, serial_undead_e,
          minmay_close_crescents, uniq_ijyb, uniq_sigmund
D:5:      layout_basic, temple_statues, minmay_misc_feat_five, uniq_pikel
D:6:      kennysheep_slugbush, layout_basic, lemuel_doored_altar,
          ebering_ghost_sewer_f, cheibrodos_sewer_entry_sluice
D:7:      layout_gridville, serial_shops, nicolae_shop_trees, shop, shop,
          nicolae_take_the_stairs, shop_statue
D:8:      layout_gridville, due_lair_maze_entry_diamond
D:9:      layout_stronghold, uniq_joseph, uniq_grum

Skill      XL: |  1  2  3  4  5  6  7  8  9 10 11 |
---------------+----------------------------------+-----
Axes           | 2 3 4 5 7 8 9 11 | 11.3
Armour         | 4 5 7 8 |  8.0
Fighting       | 4 5 6 7 8 |  8.0
Shields        | 4 5 6 |  6.7
Evocations     | 3 |  3.6
Dodging        | |  0.2

Action                   |  1- 3 |  4- 6 |  7- 9 | 10-12 || total
-------------------------+-------+-------+-------+-------++-------
Melee: War axe           |    82 |   132 |   279 |   202 ||   695
  Use: Scroll            |     5 |     6 |     3 |       ||    14
       Potion            |     1 |     1 |     5 |     1 ||     8
Armor: Scale mail        |    46 |    68 |   118 |       ||   232
       Plate armour      |       |       |   114 |   157 ||   271
Dodge: Dodged            |    61 |    81 |   128 |    85 ||   355
Block: Buckler           |    18 |    21 |    75 |    92 ||   206

Table legend: (Time is in decaauts)
 A = Elapsed time spent in this place.
 B = Non-inter-level travel time spent in this place.
 C = Inter-level travel time spent in this place.
 D = Time resting spent in this place.
 E = Time spent auto-exploring this place.
 F = Levels seen in this place.
 G = Mean time per level.
                   A        B        C        D        E       F      G
               +--------+--------+--------+--------+--------+-----+--------+
         Total |   9839 |   9726 |    113 |   2118 |   5502 |  10 |  983.9 |
       Dungeon |   9184 |   9071 |    113 |   1593 |   5432 |   9 | 1020.4 |
         Sewer |    655 |    655 |      0 |    525 |     70 |   1 |  655.0 |
               +--------+--------+--------+--------+--------+-----+--------+

Top non-repeatable levels by time:
     D:4: 1779 daAuts
     D:8: 1427 daAuts
     D:5: 1426 daAuts
     D:7: 1160 daAuts
     D:6: 1086 daAuts
     D:2: 820 daAuts
   Sewer: 655 daAuts
     D:1: 601 daAuts
     D:3: 596 daAuts
     D:9: 287 daAuts
